 Dungeon Crawl Stone Soup version 0.31.0-11-ge490571c62 (webtiles) character file.

Game seed: 14050987329591387761

1750 Persephone the Skirmisher (level 9, -4/45 (54) HPs)
             Began as a Human Hunter on Jan 29, 2024.
             Was a Follower of Hepliaklqana.
             Slain by Joseph
             ... wielding a +1 quarterstaff of draining
              (7 damage)
             ... on level 7 of the Dungeon.
             The game lasted 00:10:20 (6874 turns).

Persephone the Skirmisher (Human Hunter)            Turns: 6874, Time: 00:10:21

HP:   -4/45 (54)    AC:  9    Str: 11    XL:     9   Next: 6%
MP:   9/9           EV: 12    Int: 10    God:    Hepliaklqana [*.....]
Gold: 374           SH:  0    Dex: 21    Spells: 8/8 levels left

rFire   . . .        i - +0 orcbow
rCold   . . .        (shield currently unavailable)
rNeg    . . .        c - +1 leather armour
rPois   .            (no helmet)
rElec   .            k - +0 cloak
rCorr   .            (no gloves)
SInv    .            (no boots)
Will    .....        (no amulet)
Stlth   ++           e - +4 ring of protection
HPRegen 0.27/turn    (no ring)
MPRegen 0.11/turn

%: no passive effects
@: heavily drained
A: reduced essence, explore regen
a: Renounce Religion, Recall Ancestor, Ancestor Identity


You were on level 7 of the Dungeon.
You worshipped Hepliaklqana.
Hepliaklqana was aware of your devotion.
You visited 2 branches of the dungeon, and saw 8 of its levels.

You collected 374 gold pieces.

Inventory:

Hand Weapons
 i - a +0 orcbow (weapon)
Armour
 c - a +1 leather armour (worn)
 k - a +0 cloak (worn)
Jewellery
 e - a +4 ring of protection (left hand)
Wands
 q - a wand of charming (8)
 u - a wand of roots (14)
Scrolls
 a - 2 scrolls of identify
 f - a scroll of fog
 m - 2 scrolls of enchant armour
 p - a scroll of teleportation
 s - a scroll of immolation {unknown}
Potions
 b - a potion of heal wounds {unknown}
 d - a potion of curing {unknown}
 g - a potion of berserk rage {unknown}
 h - a potion of mutation {unknown}
 j - 4 potions of enlightenment
 l - a potion of resistance {unknown}
 n - 3 potions of brilliance
 o - a potion of ambrosia {unknown}
 r - a potion of lignification {unknown}
 t - 2 potions of might


   Skills:
 - Level 2.0 Fighting
 + Level 12.0 Ranged Weapons
 - Level 2.0 Dodging
 - Level 1.0 Stealth


You had 8 spell levels left.
You didn't know any spells.
Your spell library contained the following spells:

 Spells                   Type           Power      Damage    Failure   Level
 Slow                     Hex            0%         N/A       45%         1
 Confusing Touch          Hex            0%         N/A       83%         3
 Sigil of Binding         Hex            0%         N/A       83%         3
 Vampiric Draining        Necr           0%         2d6       83%         3
 Summon Forest            Summ/Tloc      0%         N/A       100%        5
 Eringya's Noxious Bog    Alch           0%         4d6       100%        6
 Summon Hydra             Summ           0%         N/A       100%        7


Dungeon Overview and Level Annotations

Branches:
Dungeon (7/15)             Temple (1/1) D:4

Altars:
Ashenzari
Cheibriados
Dithmenos
Elyvilon
Fedhas
Gozag
Hepliaklqana
Kikubaaqudgha
Makhleb
Nemelex Xobeh
Okawaru
Qazlal
Ru
Sif Muna
Trog
Uskayaw
Vehumet
Wu Jian
Xom
Yredelemnul
Zin

Shops:
D:4 [

Annotations:
D:3 2 transporters, Gadfly's ghost, weakling DsMo; Pikel
D:5 3 runed translucent doors, stipulation's ghost, novice VSNe
D:7 Joseph


Innate Abilities, Weirdness & Mutations

Your life essence is reduced to manifest your ancestor. (-10% HP)
You regain HP and MP as you explore.


Message History

Joseph is moderately wounded.
Joseph unwields a +0 sling.
Joseph wields a +1 quarterstaff of draining.
You sense an unholy aura.
Joseph hits you with a +1 quarterstaff of draining!
You feel drained.
You are too injured to fight recklessly!
You are too injured to fight recklessly!
You are too injured to fight recklessly!
Fire: i) +0 orcbow
Press: ? - help, Shift-Dir - straight line, f/p - Joseph
Aim: Joseph, wielding a +1 quarterstaff of draining and wearing a +0 leather armour (moderately wounded, 64% to hit)
Okay, then.
As you read the scroll of fear, it crumbles to dust.
You assume a fearsome visage.
Joseph looks frightened!
Fire: i) +0 orcbow
Press: ? - help, Shift-Dir - straight line, f/p - Joseph
Aim: Joseph, wielding a +1 quarterstaff of draining and wearing a +0 leather armour (moderately wounded, fleeing, 64% to hit)
You shoot an arrow.
The arrow hits Joseph but does no damage.
Your attack snaps Joseph out of his fear.
Joseph is moderately wounded.
Joseph hits you with a +1 quarterstaff of draining.
You feel drained.
Fire: i) +0 orcbow
Press: ? - help, Shift-Dir - straight line, f/p - Joseph
Aim: Joseph, wielding a +1 quarterstaff of draining and wearing a +0 leather armour (moderately wounded, 64% to hit)
You shoot an arrow. The arrow hits Joseph!
Joseph is heavily wounded.
Joseph hits you with a +1 quarterstaff of draining!
You feel drained.
Fire: i) +0 orcbow
Press: ? - help, Shift-Dir - straight line, f/p - Joseph
Aim: Joseph, wielding a +1 quarterstaff of draining and wearing a +0 leather armour (heavily wounded, 64% to hit)
You shoot an arrow. The arrow hits Joseph.
Joseph is heavily wounded.
Joseph hits you with a +1 quarterstaff of draining!
* * * LOW HITPOINT WARNING * * *
You feel drained.
You die...

#+# #####.##### #.# #####
#.........# #.#
#.#.......# #.#### #
#...##..# #.##.## ##
.#...##..#####.#...####.
.............รท........+.
#.........#####.#...####.
###...##.## #.##.## ##
#......@# #.##### #
#.##.##@# #.....##### #
#..# ##......... ....#
#.##..##.# ###..#
#.##..##.# #..#
#.##..##.# #..#
#.##...... ...#
#.###.##.. #.## #.#
#.##..


You could see Joseph.

Vanquished Creatures
  Jeremiah (D:6)
  Pargi (D:3)
  An ogre (D:6)
  A centaur (D:6)
  4 lemures (D:4)
  A bullfrog (D:7)
  A scorpion (D:5)
  10 wights
  A howler monkey (D:6)
  3 bombardier beetles
  2 jellies
  An orc priest (D:6)
  2 hounds (D:5)
  2 iguanas
  2 orc wizards
  3 gnolls (D:6)
  12 adders
  A white imp (D:3)
  3 dart slugs
  A ribbon worm (D:2)
  7 orcs
  6 endoplasms
  3 giant cockroaches (D:4)
  8 goblins
  4 hobgoblins
  7 jackals
  5 kobolds
  3 quokkas
  5 ball pythons
  8 bats
  3 frilled lizards
  5 rats
117 creatures vanquished.

Vanquished Creatures (others)
  2 ancestors (D:7)
2 creatures vanquished.

Grand Total: 119 creatures vanquished

Notes
Turn   | Place    | Note
-------+----------+-------------------------------------------
     0 | D:1      | Persephone the Human Hunter began the quest for the Orb.
     0 | D:1      | Reached XP level 1. HP: 16/16 MP: 1/1
   337 | D:1      | Reached XP level 2. HP: 22/22 MP: 2/2
   604 | D:2      | Reached skill level 5 in Ranged Weapons
   604 | D:2      | Reached XP level 3. HP: 27/27 MP: 3/3
   915 | D:2      | Reached XP level 4. HP: 33/33 MP: 4/4
  1433 | D:3      | Found a burning altar of Makhleb.
  1436 | D:3      | Noticed a green death
  1516 | D:3      | Noticed Gadfly's ghost (weakling DsMo)
  1522 | D:3      | Found a transporter.
  1531 | D:3      | Reached skill level 6 in Ranged Weapons
  1531 | D:3      | Reached XP level 5. HP: 38/38 MP: 5/5
  1777 | D:3      | Noticed a smoke demon
  1777 | D:3      | Noticed an orange demon
  1830 | D:3      | Noticed Pargi
  1885 | D:3      | Killed Pargi
  1886 | D:3      | Reached skill level 7 in Ranged Weapons
  1886 | D:3      | Reached XP level 6. HP: 40/44 MP: 6/6
  2014 | D:3      | Found a transporter.
  2557 | D:4      | Noticed Pikel
  3087 | D:4      | Found a staircase to the Ecumenical Temple.
  3115 | Temple   | Entered the Ecumenical Temple
  3448 | D:4      | Found Muxyti's Antique Armour Shop.
  3580 | D:4      | You fall into a shaft and drop 3 floors!
  3626 | D:7      | Found a white marble altar of Elyvilon.
  3643 | D:7      | Reached skill level 8 in Ranged Weapons
  3643 | D:7      | Reached XP level 7. HP: 33/50 MP: 7/7
  3732 | D:7      | Found a stormy altar of Qazlal.
  3831 | D:6      | Noticed Jeremiah
  3846 | D:6      | Killed Jeremiah
  3847 | D:6      | Reached skill level 9 in Ranged Weapons
  3854 | D:5      | Entered Level 5 of the Dungeon
  4633 | D:5      | Found a runed translucent gate.
  4635 | D:5      | Found a runed translucent gate.
  4636 | D:5      | Found a runed translucent gate.
  4640 | D:5      | Noticed stipulation's ghost (novice VSNe)
  4696 | D:5      | Found a hazy altar of Hepliaklqana.
  4816 | D:5      | Reached XP level 8. HP: 33/56 MP: 8/8
  4866 | D:5      | Became a worshipper of Hepliaklqana the Forgotten
  5346 | D:6      | Reached skill level 10 in Ranged Weapons
  5494 | D:6      | Found an iron altar of Okawaru.
  5808 | D:6      | Found a broken altar of Ashenzari.
  5953 | D:6      | Reached skill level 11 in Ranged Weapons
  6624 | D:7      | Reached * piety under Hepliaklqana
  6749 | D:7      | Reached XP level 9. HP: 52/54 MP: 9/9
  6762 | D:7      | Reached skill level 12 in Ranged Weapons
  6864 | D:7      | Noticed Joseph
  6874 | D:7      | Slain by Joseph

Illustrated notes

Levels and vault maps discovered:
D:1:      dpeg_arrival_three_smaller_balls, layout_basic,
          ebering_dispersal_statue_hall, serial_bayou_lake_a
D:2:      layout_basic, roderic_lattice_a, minmay_misc_feat_diagonals
D:3:      layout_basic, makhleb_altar_promises_db, gammafunk_ghost_arena,
          uniq_pargi
D:4:      layout_rooms, minmay_temple_entry_enclosed_plants,
          serial_co_window_serial, co_window_paths_b, co_window_paths_b,
          co_window_cross_1, co_window_corner_a, co_window_paths_a,
          co_window_paths_a, co_window_cross_2, co_window_of_opportunity_b,
          co_window_paths_c, co_window_broadway_c, co_window_paths_c,
          co_window_paths_d, glass_columns_a, glass_columns_a, glass_columns_a,
          kennysheep_windowed_goal, uniq_pikel
D:5:      layout_basic, nzn_hepliaklqana_mist_gate,
          gammafunk_ghost_nasty_kobolds
D:6:      layout_basic, mainiacjoe_overflow_24_doors,
          mainiacjoe_overflow_six_doors_small,
          serial_library_hellmonk_layered_room, kb_lookout_dungeons_type,
          uniq_jeremiah
D:7:      layout_loops_corners, nicolae_elyvilon_peaceful_grove,
          nicolae_qazlal_scattered_showers, chequers_serial_rivers_marsh,
          uniq_joseph, uniq_menkaure
Temple:   hellmonk_temple_two_chambers

Skill      XL: |  1  2  3  4  5  6  7  8  9 |
---------------+----------------------------+-----
Ranged Weapons | 5 6 7 8 9 11 12 | 12.0
Fighting       | |  2.0
Dodging        | |  2.0
Stealth        | |  1.0

Action                     |  1- 3 |  4- 6 |  7- 9 || total
---------------------------+-------+-------+-------++-------
   Fire: Shortbow          |    63 |   261 |   267 ||   591
         Orcbow            |       |       |    47 ||    47
    Use: Scroll            |     5 |     4 |     7 ||    16
         Potion            |       |     1 |     1 ||     2
 Armour: Leather armour    |    14 |    97 |    56 ||   167
  Dodge: Dodged            |    12 |    86 |    57 ||   155
